 Dungeon Crawl Stone Soup version 0.29.1-13-g9f3cf754e1 (webtiles) character file.

Game seed: 4131289766241897514

1545114 rddays123 the Slayer (level 25, 211/229 HPs)
             Began as a Minotaur Fighter on Feb 8, 2023.
             Was a High Priest of Okawaru.
             Escaped with the Orb
             ... and 3 runes on Feb 10, 2023!
             The game lasted 06:53:07 (79722 turns).

rddays123 the Slayer (Minotaur Fighter)            Turns: 79722, Time: 06:53:08

Health: 211/229    AC: 46    Str: 36    XL:     25   Next: 89%
Magic:  34/34      EV: 18    Int:  5    God:    Okawaru [*****.]
Gold:   4450       SH: 28    Dex: 16    Spells: 24/24 levels left

rFire   + + +      SeeInvis +   S - +8 war axe "Notennaa" {spect, rPois Str+7}
rCold   + . .      Faith    +   y - +5 tower shield {AC+3}
rNeg    + + .      Spirit   .   b - +0 crystal plate armour of the Blessed Realm {rN+ rCorr}
rPois   +          Reflect  .   L - +2 hat of the Tanner {rN+ Will+}
rElec   +          Harm     .   d - +2 cloak {Stlth+}
rCorr   +          Rampage  .   W - +0 pair of gloves of the Harp {rElec rPois Regen+}
Will    +++++                   I - +3 pair of boots "Opsiegil" {rC+ Will+}
Stlth   ..........              V - amulet of faith
HPRegen 0.00/turn               s - ring "Iceostril" {rC+ Will+ rCorr Dex+2 SInv}
MPRegen 0.24/turn               i - ring "Inikk" {rF++ rC- Will+ Dex+2}

@: mighty, finesse-ful, inhibited regen
A: horns 2, retaliatory headbutt, clumsy 1, fire resistance 1, frail 1,
inhibited regeneration, subdued magic 1, inability to read after injury 1
0: Orb of Zot
}: 3/15 runes: decaying, serpentine, silver
a: Renounce Religion, Heroism, Finesse, Duel


You escaped.
You worshipped Okawaru.
Okawaru was extremely pleased with you.
You visited 10 branches of the dungeon, and saw 48 of its levels.
You visited the Abyss 1 time.
You also visited: Trove, Sewer, Gauntlet and Ice Cave.

You collected 7750 gold pieces.
You spent 3300 gold pieces at shops.

Inventory:

Hand Weapons
 a - the +4 broad axe "Iheck" {freeze, rPois rF+ Str+2 Dex-3}
   (Okawaru gifted it to you on level 1 of the Orcish Mines)

   It freezes those it strikes, dealing additional cold damage.
   It can also slow down cold-blooded creatures.
   Str:       It affects your strength (+2).
   Dex:       It affects your dexterity (-3).
   rF:        It protects you from fire.
   rPois:     It protects you from poison.
 g - a +2 morningstar of holy wrath
 k - a +2 broad axe of flaming
 q - a +8 broad axe of freezing
 A - the +5 broad axe "Sysuigru" {pain, Fragile rF+ Str+3}
   (Okawaru gifted it to you on level 2 of the Lair of Beasts)

   In the hands of one skilled in necromantic magic, it inflicts extra damage on
   living creatures.
   Str:       It affects your strength (+3).
   rF:        It protects you from fire.
   Fragile:   It will be destroyed if unequipped.
 O - a +4 demon whip of freezing
 S - the +8 war axe "Notennaa" (weapon) {spect, rPois Str+7}
   (Okawaru gifted it to you on level 3 of the Lair of Beasts)

   When its wielder attacks, the weapon's spirit leaps out and strikes again.
   The spirit shares a part of any damage it takes with its wielder.
   Str:       It affects your strength (+7).
   rPois:     It protects you from poison.
Missiles
 h - 4 throwing nets (quivered)
Armour
 b - the +0 crystal plate armour of the Blessed Realm (worn) {rN+ rCorr}
   (Okawaru gifted it to you on level 3 of the Lair of Beasts)

   rN:        It protects you from negative energy.
   rCorr:     It protects you from acid and corrosion.
 c - the +1 pair of boots of the Moon {-Tele rElec MP+9 Int+7}
   (Okawaru gifted it to you on level 10 of the Dungeon)

   Int:       It affects your intelligence (+7).
   rElec:     It insulates you from electricity.
   MP:        It affects your magic capacity (+9).
   -Tele:     It prevents most forms of teleportation.
 d - a +2 cloak of stealth (worn)
 r - the +2 hat of Boaw {rF+ Int+2 Slay+2}
   (Okawaru gifted it to you on level 2 of the Depths)

   Int:       It affects your intelligence (+2).
   Slay:      It affects your accuracy & damage with ranged weapons and melee
   (+2).
   rF:        It protects you from fire.
 y - a +5 tower shield of protection (worn)
 I - the +3 pair of boots "Opsiegil" (worn) {rC+ Will+}
   (Okawaru gifted it to you on level 5 of the Vaults)

   rC:        It protects you from cold.
   Will:      It increases your willpower.
 J - the +3 pair of gloves "Unazynaum" {rCorr Int+3}
   (Okawaru gifted it to you on level 2 of the Snake Pit)

   Int:       It affects your intelligence (+3).
   rCorr:     It protects you from acid and corrosion.
 L - the +2 hat of the Tanner (worn) {rN+ Will+}
   (Okawaru gifted it to you on level 14 of the Dungeon)

   rN:        It protects you from negative energy.
   Will:      It increases your willpower.
 N - the +1 hat of the Engineer {rElec rN+ Int+2}
   (Okawaru gifted it to you on level 1 of the Lair of Beasts)

   Int:       It affects your intelligence (+2).
   rElec:     It insulates you from electricity.
   rN:        It protects you from negative energy.
 U - a +2 pair of gloves of stealth
 W - the +0 pair of gloves of the Harp (worn) {rElec rPois Regen+}
   (You found it on level 14 of the Dungeon)

   rElec:     It insulates you from electricity.
   rPois:     It protects you from poison.
   Regen:     It increases your rate of health regeneration.
Jewellery
 i - the ring "Inikk" (right hand) {rF++ rC- Will+ Dex+2}
   (You found it on level 2 of the Swamp)

   [ring of willpower]

   Dex:       It affects your dexterity (+2).
   rF:        It greatly protects you from fire.
   rC:        It makes you vulnerable to cold.
   Will:      It increases your willpower.
 l - a ring of positive energy
 n - a ring of willpower
 s - the ring "Iceostril" (left hand) {rC+ Will+ rCorr Dex+2 SInv}
   (You found it on level 5 of the Vaults)

   [ring of willpower]

   Dex:       It affects your dexterity (+2).
   rC:        It protects you from cold.
   SInv:      It lets you see invisible.
   rCorr:     It protects you from acid and corrosion.
   Will:      It increases your willpower.
 t - a ring of willpower
 w - a ring of protection from fire
 x - a ring of protection from cold
 D - the ring "Guythraif" {Wiz rF+ rC+ rCorr}
   (You found it on level 4 of the Dungeon)

   [ring of wizardry]

   It improves your spell success rate.
   rF:        It protects you from fire.
   rC:        It protects you from cold.
   rCorr:     It protects you from acid and corrosion.
 E - a ring of see invisible
 K - a +6 ring of strength
 P - a ring of protection from fire
 V - an amulet of faith (around neck)
 X - the ring "Haaczuon" {rF+ rC+ Int+7}
   (You took it off a draconian annihilator on level 5 of the Realm of Zot)

   [ring of protection from fire]

   Int:       It affects your intelligence (+7).
   rF:        It protects you from fire.
   rC:        It protects you from cold.
 Y - a +4 ring of evasion
Wands
 v - a wand of digging (23)
 M - a wand of polymorph (9)
 Z - a wand of acid (9)
Scrolls
 o - 24 scrolls of teleportation
 u - 10 scrolls of fear
 B - 3 scrolls of silence
 C - a scroll of brand weapon
 G - a scroll of magic mapping
 T - 10 scrolls of blinking
Potions
 e - 23 potions of heal wounds
 f - 12 potions of curing
 j - 4 potions of resistance
 m - 3 potions of invisibility
 p - 7 potions of flight
 z - 2 potions of haste
 F - 3 potions of magic
 H - 3 potions of cancellation
 Q - 2 potions of might
 R - 3 potions of mutation


   Skills:
 - Level 26.4 Fighting
 - Level 18.0(18.2) Axes
 - Level 4.1(12.5) Maces & Flails
 - Level 6.1 Throwing
 - Level 25.7 Armour
 - Level 22.7 Dodging
 - Level 8.2 Stealth
 - Level 22.5 Shields
 - Level 17.4 Invocations
 + Level 13.9 Evocations


You had 24 spell levels left.
You didn't know any spells.
Your spell library contained the following spells:

 Spells                   Type           Power      Damage    Failure   Level
 Apportation              Tloc           0%         N/A       98%         1
 Magic Dart               Conj           0%         1d3       98%         1
 Necrotise                Necr           0%         1d4       98%         1
 Sandblast                Erth           0%         2d4       98%         1
 Sting                    Tmut/Pois      0%         1d3       98%         1
 Blink                    Tloc           0%         N/A       99%         2
 Ensorcelled Hibernation  Hex/Ice        0%         N/A       99%         2
 Passwall                 Tmut/Erth      0%         N/A       99%         2
 Poisonous Vapours        Pois/Air       0%         N/A       99%         2
 Conjure Flame            Conj/Fire      0%         6-21      100%        3
 Gell's Gravitas          Tloc           0%         N/A       100%        3
 Ignite Poison            Fire/Tmut/Pois 0%         N/A       100%        3
 Inner Flame              Hex/Fire       0%         N/A       100%        3
 Lesser Beckoning         Tloc           0%         N/A       100%        3
 Mephitic Cloud           Conj/Pois/Air  0%         N/A       100%        3
 Ozocubu's Armour         Ice            0%         N/A       100%        3
 Spider Form              Tmut/Pois      0%         N/A       100%        3
 Stone Arrow              Conj/Erth      0%         3d7       100%        3
 Teleport Other           Tloc           0%         N/A       100%        3
 Anguish                  Hex/Necr       0%         N/A       100%        4
 Cause Fear               Hex            0%         N/A       100%        4
 Corpse Rot               Necr/Pois/Air  0%         N/A       100%        4
 Leda's Liquefaction      Hex/Erth       0%         N/A       100%        4
 Olgreb's Toxic Radiance  Pois           0%         N/A       100%        4
 Passage of Golubria      Tloc           0%         N/A       100%        4
 Petrify                  Tmut/Erth      0%         N/A       100%        4
 Sticky Flame             Conj/Fire      0%         2d3       100%        4
 Alistair's Intoxication  Tmut/Pois      0%         N/A       100%        5
 Blade Hands              Tmut           0%         N/A       100%        5
 Borgnjor's Vile Clutch   Necr/Erth      0%         N/A       100%        5
 Fireball                 Conj/Fire      0%         3d3       100%        5
 Freezing Cloud           Conj/Ice/Air   0%         6-21      100%        5
 Irradiate                Conj/Tmut      0%         3d11      100%        5
 Iskenderun's Battlesphe  Conj           0%         2d6       100%        5
 Manifold Assault         Tloc           0%         N/A       100%        5
 Metabolic Englaciation   Hex/Ice        0%         N/A       100%        5
 Yara's Violent Unravell  Hex/Tmut       0%         3d3       100%        5
 Conjure Ball Lightning   Conj/Air       0%         3x3d6     100%        6
 Dispersal                Tloc           0%         N/A       100%        6
 Eringya's Noxious Bog    Tmut/Pois      0%         N/A       100%        6
 Statue Form              Tmut/Erth      0%         N/A       100%        6
 Dragon Form              Tmut           0%         N/A       100%        7
 Orb of Destruction       Conj           0%         9d5       100%        7
 Ozocubu's Refrigeration  Ice            0%         4d7       100%        7
 Storm Form               Tmut/Air       0%         N/A       100%        7
 Discord                  Hex            0%         N/A       100%        8
 Disjunction              Tloc           0%         N/A       100%        8
 Ignition                 Fire           0%         3d3       100%        8
 Chain Lightning          Conj/Air       0%         N/A       100%        9
 Fire Storm               Conj/Fire      0%         5d1       100%        9
 Shatter                  Erth           0%         3d5*      100%        9
 Summon Small Mammal      Summ           Unusable   N/A       N/A         1
 Call Imp                 Summ           Unusable   N/A       N/A         2
 Tukima's Dance           Hex            Unusable   N/A       N/A         3
 Summon Lightning Spire   Summ/Air       Unusable   N/A       N/A         4
 Simulacrum               Ice/Necr       Unusable   N/A       N/A         6

Dungeon Overview and Level Annotations

Branches:
Dungeon (15/15)            Temple (1/1) D:5            Lair (5/5) D:11
  Swamp (4/4) Lair:3        Snake (4/4) Lair:2        Slime (0/5) Lair:4
    Orc (2/2) D:9             Elf (3/3) Orc:2        Vaults (5/5) D:14
  Crypt (0/3) Vaults:2     Depths (4/4) D:15            Zot (5/5) Depths:4
  Sewer (visited)           IceCv (visited)         Gauntlet (visited)

Altars:
Ashenzari
Cheibriados
Dithmenos
Elyvilon
Fedhas
Gozag
Hepliaklqana
Kikubaaqudgha
Makhleb
Nemelex Xobeh
Okawaru
Qazlal
Ru
Sif Muna
Trog
Uskayaw
Vehumet
Wu Jian
Xom
Yredelemnul
Zin
The Shining One
Jiyva
Lugonu

Shops:
D:11 =*   D:13 [=[   Orc:1 ([[(   Orc:2 [[:[*(   Elf:1 *   Elf:2 *
Snake:2 **(:   Snake:3 [[=:   Vaults:1 =   Vaults:2 *   Vaults:4 *   Vaults:5 [
Depths:1 **   Depths:3 (*[*

Portals:
Hell: Depths:1 Depths:2 Depths:3 Depths:4
Abyss: Swamp:2 Depths:2 Depths:3
Pandemonium: Depths:2
Ziggurat: Depths:2

Annotations:
D:7 Erica
Lair:2 exclusion: oklob plant
Swamp:2 2 transporters, Suexuef's ghost, adept GrBe
Snake:4 Roxanne
Zot:4 2 transporters, exclusion: obsidian statue


Innate Abilities, Weirdness & Mutations

You have a pair of horns on your head.
You reflexively headbutt those who attack you in melee.
You are clumsy. (Dex -2)
Your flesh is heat resistant. (rF+)
You are frail. (-10% HP)
You do not regenerate when monsters are visible.
Your spells are a little easier to cast, but a little less powerful.
You occasionally lose the ability to read scrolls when taking damage.


Message History

You slice the Hell Sentinel!! You headbutt the Hell Sentinel.
The Hell Sentinel is moderately wounded.
Your +8 war axe "Notennaa" {spect, rPois Str+7} hits the Hell Sentinel but does no damage.
The Hell Sentinel gestures at you.
The sphere of damnation explodes!
The damnation engulfs you!!
The damnation engulfs the Hell Sentinel.
The Hell Sentinel completely resists.
The damnation engulfs your +8 war axe "Notennaa" {spect, rPois Str+7}!!
Your spectral weapon shares its damage with you!
Your +8 war axe "Notennaa" {spect, rPois Str+7} fades away.
You feel very mighty all of a sudden. You block the Hell Sentinel's attack.
The Hell Sentinel closely misses you.
You gain the combat prowess of a mighty hero.
You block the Hell Sentinel's attack. x2
You can now deal lightning-fast blows.
The Hell Sentinel completely misses you.
You furiously retaliate!
You headbutt the Hell Sentinel!
The Hell Sentinel hits you but does no damage.
You hit the Hell Sentinel. You headbutt the Hell Sentinel!
The Hell Sentinel is moderately wounded.
Your +8 war axe "Notennaa" {spect, rPois Str+7} hits the Hell Sentinel!!
You strike the helpless Hell Sentinel from behind!
You slice the Hell Sentinel!!
You headbutt the Hell Sentinel, but do no damage.
The Hell Sentinel is severely wounded.
Your +8 war axe "Notennaa" {spect, rPois Str+7} hits the Hell Sentinel!
The Hell Sentinel hits your +8 war axe "Notennaa" {spect, rPois Str+7}!!
Your spectral weapon shares its damage with you!
Your +8 war axe "Notennaa" {spect, rPois Str+7} fades away.
You catch the helpless Hell Sentinel completely off-guard!
You slash the Hell Sentinel! You headbutt the Hell Sentinel!
You kill the Hell Sentinel!
Okawaru accepts your kill.
You climb upwards.
There is a stone staircase leading down here.
An Orb Guardian comes into view.
You feel like a meek peon again.
There is a staircase leading out of the dungeon here.
You can't go down here!
You have escaped!

#....#.....###..##....#
#......#...####.......#
##.##.#...#..######....#
###.....#..#.#..#####....#
#.........#...#..........##
#.##.#####.....#####......###
#.##..#...........#.........#
#......#.........#..#######.#
##.#...#....@....#..### #.#
#.#..#......X....#...#####..
#.#.#####.....#####.........
#.#......#...#......#....X..
#...####..#.#..#............
##### ##..#................
##.......###..######
##...###...#.# #.####⌠.8..##


You could see an Orb Guardian.

Vanquished Creatures
  2 dread liches (Zot:5)
  3 ancient liches
  8 orbs of fire
  Sojobo (Depths:1)
  Saint Roka (Depths:3)
  4 Killer Klowns
  The ghost of Ohoniczu the Victor of a Thousand Battles, a veteran GnWn of Okawaru (Depths:2)
  A curse toe (Zot:5)
  12 golden dragons
  Nikola (Snake:4)
  A bone dragon (Depths:3)
  5 electric golems
  A hellephant (Depths:1)
  21 tentacled monstrosities
  A Hell Sentinel (D:2)
  The ghost of Sianeop the Warrior, an adept GrFi of Cheibriados (Vaults:2)
  Jorgrun (Orc:1)
  Asterion (Vaults:1)
  Rupert (D:13)
  28 Orb Guardians
  6 quicksilver dragons
  2 deep elf blademasters
  4 deep elf master archers
  A tentacled starspawn (Abyss:2)
  12 death cobs
  5 titans
  Agnes (Snake:3)
  Frances (Swamp:2)
  7 sphinxes
  10 shadow dragons
  9 tengu reavers
  5 nagarajas (Snake:4)
  13 storm dragons
  A fenstrider witch (Swamp:1)
  5 draconian monks
  4 deep elf sorcerers
  4 draconian knights
  8 fire giants
  6 draconian scorchers
  10 frost giants
  5 ghost moths
  19 vault wardens
  3 orc warlords
  2 juggernaut zombies
  4 iron dragons
  Aizul (Snake:3)
  2 deep elf elementalists (Elf:2)
  Louise (Swamp:2)
  6 draconian shifters
  4 draconian stormcallers
  24 ironbound preservers
  23 very ugly things
  A reaper (Depths:1)
  A caustic shrike skeleton (Depths:3)
  15 stone giants
  7 war gargoyles
  7 draconian annihilators
  10 ironbound thunderhulks
  4 vampire knights
  8 green draconians
  11 purple draconians
  3 deep elf annihilators
  6 deep elf demonologists
  A lorocyproca (Depths:1)
  14 dire elephants
  6 eleionomae
  5 entropy weavers
  9 white draconians
  8 red draconians
  6 bunyips
  14 black draconians
  8 yellow draconians
  13 ettins
  7 deep elf death magi
  A merfolk javelineer (Depths:3)
  Snorg (D:14)
  6 deep elf high priests
  Josephine (D:12)
  8 fire dragons
  A jiangshi (Vaults:2)
  A hell beast (D:2)
  44 vault guards
  14 yaktaur captains
  A great orb of eyes (Vaults:3)
  3 peacekeepers
  4 ghost crabs
  4 ice dragons
  5 spriggan air magi
  5 boulder beetles
  10 ironbound frosthearts
  A salamander tyrant (Snake:4)
  20 hydras
  A radroach (shapeshifter) (Vaults:5)
  15 centaur warriors
  A spriggan skeleton (Depths:1)
  9 alligators
  11 anacondas
  2 catoblepae
  5 rakshasas
  4 ogre magi (Vaults:5)
  30 dancing weapons
  3 two-headed ogres
  4 death yaks
  A two-headed ogre (shapeshifter) (Vaults:1)
  5 tengu warriors
  A vampire mage (Vaults:3)
  10 naga warriors
  3 orc high priests (Orc:2)
  3 deep troll earth magi
  7 hell hogs (Depths:1)
  5 deep troll shamans
  11 hell knights
  7 shock serpents
  A soul eater (Depths:1)
  9 spriggan berserkers
  8 naga sharpshooters
  10 deep elf knights
  An iron troll (Depths:1)
  4 fire crabs (Lair:3)
  4 sixfirhies
  A spark wasp zombie (Depths:2)
  3 skeletal warriors (D:14)
  4 salamander mystics
  4 goliath frogs
  75 deep trolls
  2 sea snakes (Snake:3)
  7 wizards
  A glowing orange brain (D:15)
  18 ironbound convokers
  10 swamp dragons
  9 bog bodies
  A shadow dragon zombie (Depths:2)
  A shadow demon (Depths:2)
  6 spriggan druids
  10 lindwurms
  A golden dragon skeleton (Depths:2)
  A glowing orange brain (shapeshifter) (Elf:2)
  Pikel (D:5)
  6 naga ritualists
  7 deep elf archers
  6 necromancers
  17 orc knights
  A mana viper (shapeshifter) (Depths:1)
  An obsidian statue (Depths:1)
  2 phantasmal warriors
  27 deep elf pyromancers
  11 mana vipers
  29 deep elf zephyrmancers
  A fire giant zombie (Depths:2)
  2 harpies (shapeshifter)
  29 ugly things
  4 orc sorcerers
  2 will-o-the-wisps
  30 moths of wrath
  7 cyclopes
  11 elephants
  41 black mambas
  29 slime creatures
  Maurice (D:12)
  A guardian serpent (Snake:3)
  4 manticores
  7 salamanders
  17 naga magi
  2 ice statues (IceCv)
  An apocalypse crab (Lair:3)
  2 gargoyles
  3 rust devils
  16 cane toads
  10 vault sentinels
  2 torpor snails
  4 rime drakes
  A komodo dragon (shapeshifter) (Elf:3)
  8 freezing wraiths
  An ice devil (Depths:2)
  6 komodo dragons
  2 orange demons
  An anaconda simulacrum (IceCv)
  3 hellwings
  25 yaktaurs
  2 guardian mummies (Elf:1)
  An ancient zyme (Abyss:2)
  3 tengu conjurers
  3 red devils (Depths:1)
  A troll (shapeshifter) (Vaults:4)
  10 trolls
  9 tyrant leeches
  A hornet (shapeshifter) (D:14)
  16 hornets
  4 polar bears
  A raiju (Abyss:2)
  Grinder (D:3)
  26 blink frogs
  4 dream sheep
  A jumping spider (shapeshifter) (Vaults:4)
  A culicivora (Vaults:1)
  A shadow (D:11)
  2 centaur simulacra (D:15)
  8 wraiths
  6 water elementals
  A spriggan zombie (Depths:1)
  A vampire (D:11)
  4 air elementals
  A ynoxinul (Depths:1)
  28 spriggans
  46 yaks
  2 wyverns
  Grum (D:9)
  2 basilisks (Lair:4)
  3 fire elementals (Elf:3)
  9 vampire mosquitoes
  2 chaos spawn (Depths:1)
  A death yak simulacrum (IceCv)
  A neqoxec (Depths:1)
  A redback (shapeshifter) (Vaults:5)
  2 steam dragons (D:7)
  3 wargs
  50 nagas
  Edmund (D:5)
  13 swamp worms
  2 acid dragons
  A floating eye (shapeshifter) (Vaults:5)
  15 water moccasins
  A floating eye (Depths:2)
  6 black bears
  A sky beast (D:6)
  A floating eye zombie (Depths:1)
  A swamp drake (shapeshifter) (Vaults:3)
  9 swamp drakes
  41 orc warriors
  8 ogres
  8 boggarts
  An ogre (shapeshifter) (Vaults:3)
  23 wolves
  15 centaurs
  2 phantoms
  3 kobold brigands
  Blork the orc (D:4)
  24 bullfrogs
  A gnoll sergeant (D:9)
  5 scorpions
  A necrophage (D:5)
  2 glowing shapeshifter simulacra (Depths:3)
  4 earth elementals
  8 wights
  6 killer bees
  An elephant simulacrum (IceCv)
  2 electric eels
  5 howler monkeys
  5 hounds
  An iron imp (Abyss:2)
  A small abomination (Abyss:2)
  2 gnoll boudas
  4 jellies
  21 orc priests
  2 iguanas
  21 orc wizards
  7 hell rats (Lair:3)
  A polar bear simulacrum (IceCv)
  9 adders
  17 gnolls
  3 white imps
  2 worms
  4 dart slugs
  78 orcs
  6 endoplasms
  6 giant cockroaches
  4 goblins
  3 hobgoblins
  5 jackals
  14 kobolds
  A quokka (D:8)
  8 ball pythons
  16 bats
  3 frilled lizards
  A rat (D:2)
  2 starspawn tentacles (Abyss:2)
2025 creatures vanquished.

Vanquished Creatures (others)
  An eldritch tentacle (Zot:5)
  A fire giant (Depths:1)
  A dancing weapon (Elf:2)
  A deep elf knight (Elf:2)
  A bog body (Swamp:2)
  A deep elf zephyrmancer (Elf:3)
  A naga mage (Snake:4)
  4 bloated husks
  An ogre (Depths:3)
  A boggart (Vaults:2)
  2 orc wizards (Orc:2)
  2 orcs
  6 foxfires
  27 fungi
  49 plants
99 creatures vanquished.

Grand Total: 2124 creatures vanquished

Notes
Turn   | Place    | Note
-------+----------+-------------------------------------------
     0 | D:1      | rddays123 the Minotaur Fighter began the quest for the Orb.
     0 | D:1      | Reached XP level 1. HP: 19/19 MP: 0/0
   189 | D:1      | Reached XP level 2. HP: 27/27 MP: 1/1
   360 | D:1      | Reached skill level 4 in Fighting
   472 | D:1      | Found a faded altar of an unknown god.
   531 | D:1      | Reached XP level 3. HP: 33/33 MP: 2/2
   880 | D:1      | Reached XP level 4. HP: 22/41 MP: 3/3
  1057 | D:2      | Found a shadowy altar of Dithmenos.
  1657 | D:3      | Found a glowing drain.
  1685 | D:3      | Reached skill level 5 in Fighting
  1685 | D:3      | Reached XP level 5. HP: 24/48 MP: 4/4
  1840 | Sewer    | Entered a sewer
  1931 | Sewer    | Noticed a water moccasin
  1937 | Sewer    | Killed a water moccasin
  2051 | D:3      | Found a shadowy altar of Dithmenos.
  2093 | D:3      | Noticed Grinder
  2103 | D:3      | Paralysed by Grinder for 2 turns
  2106 | D:3      | Killed Grinder
  2107 | D:3      | Reached skill level 6 in Fighting
  2107 | D:3      | Reached skill level 5 in Axes
  2107 | D:3      | Reached XP level 6. HP: 26/58 MP: 5/5
  2489 | D:3      | Found an iron altar of Okawaru.
  2506 | D:3      | Became a worshipper of Warmaster Okawaru
  2891 | D:4      | Reached XP level 7. HP: 16/64 MP: 6/6
  3302 | D:4      | Reached skill level 7 in Fighting
  3415 | D:4      | Identified the ring "Guythraif" {Wiz rF+ rC+ rCorr}
  3425 | D:4      | Noticed Blork the orc
  3431 | D:4      | Killed Blork the orc
  3635 | D:5      | Entered Level 5 of the Dungeon
  3765 | D:5      | Found a staircase to the Ecumenical Temple.
  3776 | Temple   | Entered the Ecumenical Temple
  3962 | D:5      | Reached * piety under Okawaru
  4007 | D:5      | Reached skill level 8 in Fighting
  4025 | D:5      | Found a bloodstained altar of Trog.
  4039 | D:5      | Identified the +8 spear of Sogemm {freeze, rCorr}
  4098 | D:5      | Reached XP level 8. HP: 74/75 MP: 7/7
  4775 | D:4      | Reached ** piety under Okawaru
  4776 | D:4      | Reached skill level 9 in Fighting
  4954 | D:5      | Noticed Pikel
  4963 | D:5      | Killed Pikel
  4964 | D:5      | Reached skill level 10 in Fighting
  4964 | D:5      | Reached XP level 9. HP: 69/86 MP: 8/8
  4972 | D:5      | Reached skill level 10 in Axes
  5165 | D:5      | Found a stormy altar of Qazlal.
  5211 | D:5      | Noticed Edmund
  5222 | D:5      | Killed Edmund
  5222 | D:5      | Reached *** piety under Okawaru
  5738 | D:6      | Found an ornate altar of the Wu Jian Council.
  5927 | D:6      | Reached skill level 11 in Fighting
  5954 | D:6      | Found an opulent altar of Gozag.
  7459 | D:7      | Found a snail-covered altar of Cheibriados.
  7600 | D:8      | Noticed Erica
  7989 | D:8      | Reached **** piety under Okawaru
  8385 | D:8      | Found a white marble altar of Elyvilon.
  8436 | D:8      | Reached XP level 10. HP: 95/95 MP: 9/9
  8442 | D:8      | Received a gift from Okawaru
  8836 | D:9      | Paralysed by a hornet for 1 turns
  8906 | D:9      | Found a staircase to the Orcish Mines.
  8916 | D:9      | Noticed a centaur warrior
  8931 | D:9      | Killed a centaur warrior
  8932 | D:9      | Reached skill level 15 in Axes
  9034 | D:9      | Noticed Grum
  9078 | D:9      | Killed Grum
  9192 | D:9      | Found a transporter.
  9195 | D:9      | Found a transporter.
  9207 | D:9      | Found a transporter.
  9207 | D:9      | Found a transporter.
  9217 | D:9      | Found a transporter.
  9217 | D:9      | Found a transporter.
  9400 | D:9      | Reached ***** piety under Okawaru
  9438 | D:9      | Found a shimmering blue altar of Sif Muna.
  9590 | D:9      | Found a blossoming altar of Fedhas.
  9601 | D:9      | Found a burning altar of Makhleb.
  9824 | D:9      | Noticed a gargoyle
  9825 | D:9      | Found a hazy altar of Hepliaklqana.
  9830 | D:9      | Killed a gargoyle
  9831 | D:9      | Reached skill level 5 in Shields
  9831 | D:9      | Found a faded altar of an unknown god.
  9878 | D:10     | Entered Level 10 of the Dungeon
  9899 | D:10     | Received a gift from Okawaru
  9985 | D:10     | Noticed a cyclops
  9996 | D:10     | Killed a cyclops
  9997 | D:10     | Reached skill level 1 in Invocations
  9997 | D:10     | Reached XP level 11. HP: 69/102 MP: 9/11
 10479 | D:10     | Found a shimmering altar of Xom.
 10479 | D:10     | Noticed a two-headed ogre
 10875 | D:10     | Identified the +1 pair of boots of the Moon {-Tele rElec
                  | MP+9 Int+7} (Okawaru gifted it to you on level 10 of the
                  | Dungeon)
 10875 | D:10     | Received a gift from Okawaru
 11000 | D:10     | Reached skill level 5 in Invocations
 11350 | D:10     | Killed a two-headed ogre
 11737 | D:11     | Found Jahusuy's Assorted Antiques.
 12085 | D:11     | Found a staircase to the Lair.
 12093 | D:11     | Found a gate leading to a gauntlet.
 12102 | Gauntlet | Entered a Gauntlet
 12102 | Gauntlet | Noticed a shining eye
 12102 | Gauntlet | Found a transporter.
 12102 | Gauntlet | Found a transporter.
 12102 | Gauntlet | Found a transporter.
 12106 | Gauntlet | Found a transporter.
 12107 | Gauntlet | Found a transporter.
 12107 | Gauntlet | Noticed an oklob plant
 12110 | Gauntlet | Found a transporter.
 12126 | Gauntlet | Found a runed translucent gate.
 12126 | Gauntlet | Found a transporter.
 12128 | Gauntlet | Found a runed translucent gate.
 12128 | Gauntlet | Found a transporter.
 12129 | Gauntlet | Found a transporter.
 12129 | Gauntlet | Found a runed translucent gate.
 12131 | Gauntlet | Found a transporter.
 12139 | Gauntlet | Found a transporter.
 12139 | Gauntlet | Found a transporter.
 12139 | Gauntlet | Noticed a fire crab
 12848 | D:11     | Found Abrickoz's Jewellery Boutique.
 13042 | D:12     | Noticed Josephine
 13042 | D:12     | Noticed a two-headed ogre
 13047 | D:11     | Killed a two-headed ogre
 13289 | Lair:1   | Entered Level 1 of the Lair of Beasts
 13290 | Lair:1   | Noticed a six-headed hydra
 13305 | Lair:1   | Killed a six-headed hydra
 13332 | Lair:1   | Reached skill level 10 in Invocations
 13437 | Lair:1   | Noticed a four-headed hydra
 13441 | Lair:1   | Noticed a catoblepas
 13449 | Lair:1   | Killed a four-headed hydra
 13449 | Lair:1   | Identified the +1 hat of the Engineer {rElec rN+ Int+2}
                  | (Okawaru gifted it to you on level 1 of the Lair of Beasts)
 13449 | Lair:1   | Received a gift from Okawaru
 13450 | Lair:1   | Reached XP level 12. HP: 100/110 MP: 11/18
 13476 | Lair:1   | Killed a catoblepas
 13965 | Lair:1   | Reached skill level 12 in Fighting
 14556 | Lair:1   | Reached skill level 13 in Fighting
 15154 | Lair:2   | Noticed a seven-headed hydra
 15168 | Lair:2   | Killed a seven-headed hydra
 15168 | Lair:2   | Identified the +5 broad axe "Sysuigru" {pain, Fragile rF+
                  | Str+3} (Okawaru gifted it to you on level 2 of the Lair of
                  | Beasts)
 15168 | Lair:2   | Received a gift from Okawaru
 15169 | Lair:2   | Reached skill level 14 in Fighting
 15332 | Lair:2   | Reached skill level 15 in Fighting
 15935 | Lair:2   | Found a staircase to the Snake Pit.
 16124 | Lair:3   | Noticed a death yak
 16142 | Lair:3   | Killed a death yak
 16413 | Lair:3   | Reached ****** piety under Okawaru
 16445 | Lair:3   | Reached XP level 13. HP: 127/128 MP: 20/20
 16681 | Lair:3   | Reached skill level 5 in Armour
 16787 | Lair:3   | Found a staircase to the Swamp.
 17147 | Lair:3   | Found a runed translucent door.
 17172 | Lair:3   | Identified the +8 war axe "Notennaa" {spect, rPois Str+7}
                  | (Okawaru gifted it to you on level 3 of the Lair of Beasts)
 17172 | Lair:3   | Received a gift from Okawaru
 17821 | Lair:3   | Noticed an entropy weaver
 17851 | Lair:3   | Killed an entropy weaver
 18027 | Orc:1    | Entered Level 1 of the Orcish Mines
 18207 | Orc:1    | Found Xidu's Weapon Shop.
 18250 | Orc:1    | Found Esainoff's Antique Armour Boutique.
 18282 | Orc:2    | Entered Level 2 of the Orcish Mines
 18698 | Orc:2    | Received a gift from Okawaru
 19142 | Orc:2    | Found Mokoisuf's Firing Range.
 19353 | Orc:2    | Found Daubay's Assorted Antiques.
 19362 | Orc:2    | Bought a scroll of identify for 56 gold pieces
 19362 | Orc:2    | Bought a scroll of teleportation for 84 gold pieces
 19362 | Orc:2    | Bought a scroll labelled AGABBA PEMUUG for 28 gold pieces
 19453 | Orc:2    | Found a staircase to the Elven Halls.
 19519 | Orc:1    | Noticed Jorgrun
 20274 | Orc:1    | Killed Jorgrun
 20275 | Orc:1    | Reached skill level 10 in Shields
 20631 | Orc:2    | Found Koumoph's Book Shop.
 20631 | Orc:2    | Found Joefan's Antique Armour Shoppe.
 20633 | Orc:2    | Found Saume's Armour Shop.
 20633 | Orc:2    | Found Seojeb's Antique Armour Shoppe.
 20702 | Orc:1    | Identified the +4 broad axe "Iheck" {freeze, rPois rF+
                  | Str+2 Dex-3} (Okawaru gifted it to you on level 1 of the
                  | Orcish Mines)
 20702 | Orc:1    | Received a gift from Okawaru
 20711 | Orc:1    | Reached skill level 10 in Armour
 20800 | Orc:1    | Found Nyanoic's Armour Shoppe.
 20805 | Orc:1    | Found Reixt's Antique Weapon Shop.
 21101 | D:11     | Bought a ring of willpower for 375 gold pieces
 21121 | D:12     | Reached skill level 16 in Fighting
 21198 | D:12     | Reached XP level 14. HP: 122/134 MP: 21/21
 21235 | D:12     | Killed Josephine
 21376 | D:12     | Noticed Maurice
 21387 | D:12     | Killed Maurice
 21586 | Lair:3   | Identified the +0 robe of Inevitability {+Blink rElec
                  | Int+4}
 21612 | Lair:3   | Reached skill level 17 in Fighting
 21821 | Lair:3   | Identified the +0 crystal plate armour of the Blessed Realm
                  | {rN+ rCorr} (Okawaru gifted it to you on level 3 of the
                  | Lair of Beasts)
 21821 | Lair:3   | Received a gift from Okawaru
 21980 | Lair:3   | Identified the +0 chain mail of the Enchanted Forest {rC+
                  | Int+4}
 22115 | Lair:4   | Found a viscous altar of Jiyva.
 22121 | Lair:4   | Found a staircase to the Slime Pits.
 22564 | Lair:4   | Reached skill level 18 in Fighting
 22977 | Lair:4   | Reached skill level 19 in Fighting
 23448 | Lair:5   | Entered Level 5 of the Lair of Beasts
 23471 | Lair:5   | Received a gift from Okawaru
 23751 | Lair:5   | Reached skill level 20 in Fighting
 23803 | Lair:5   | Received a gift from Okawaru
 24174 | Lair:5   | Reached XP level 15. HP: 156/156 MP: 22/22
 25344 | D:13     | Found Tixapner's Jewellery Boutique.
 25405 | D:13     | Found Ogot Bue's Armour Shoppe.
 25473 | D:13     | Reached skill level 21 in Fighting
 25609 | D:13     | Noticed Rupert
 25618 | D:13     | Killed Rupert
 25938 | D:13     | Found a frozen archway.
 25947 | IceCv    | Entered an ice cave
 25960 | IceCv    | Found a transporter.
 25969 | IceCv    | Found a transporter.
 26194 | IceCv    | Got Sophisticated Theurgy
 26491 | D:13     | Found Yzxalug's Antique Armour Shoppe.
 27003 | D:14     | Identified the +4 buckler "Viess" {rPois Int+3 SInv}
                  | (Okawaru gifted it to you on level 14 of the Dungeon)
 27003 | D:14     | Received a gift from Okawaru
 27172 | D:14     | Noticed Snorg
 27177 | D:14     | Killed Snorg
 27483 | D:14     | Reached skill level 22 in Fighting
 27813 | D:14     | Found a gate to the Vaults.
 27860 | D:14     | Identified the +0 pair of gloves of the Harp {rElec rPois
                  | Regen+}
 28023 | D:15     | Entered Level 15 of the Dungeon
 28738 | D:15     | Found a staircase to the Depths.
 28997 | D:15     | Reached skill level 23 in Fighting
 29011 | D:15     | Identified the +6 plate armour "Ixino" {Regen+}
 29364 | Snake:1  | Entered Level 1 of the Snake Pit
 29535 | Snake:1  | Identified the +1 pair of gloves of the Boiling Point
                  | {rPois} (Okawaru gifted it to you on level 1 of the Snake
                  | Pit)
 29535 | Snake:1  | Received a gift from Okawaru
 30123 | Snake:1  | Found Dipru's Vocational Training.
 30650 | Snake:2  | Found Ybirogg's Book Shop.
 30651 | Snake:2  | Found Vusmiron's Antique Weapon Shop.
 30651 | Snake:2  | Found Unibb's Assorted Antiques.
 30662 | Snake:2  | Reached XP level 16. HP: 174/174 MP: 23/23
 30664 | Snake:2  | Reached skill level 24 in Fighting
 30682 | Snake:2  | Found Madgha's Assorted Antiques.
 30872 | Snake:2  | Identified the +3 pair of gloves "Unazynaum" {rCorr Int+3}
                  | (Okawaru gifted it to you on level 2 of the Snake Pit)
 30872 | Snake:2  | Received a gift from Okawaru
 31453 | Snake:3  | Found Efyz's Armour Boutique.
 31457 | Snake:3  | Noticed Aizul
 31468 | Snake:3  | Killed Aizul
 31469 | Snake:3  | Reached skill level 25 in Fighting
 32071 | Snake:3  | Received a gift from Okawaru
 32158 | Snake:3  | Found Apherchao's Antique Armour Emporium.
 32161 | Snake:3  | Found Zuereare's Jewellery Shoppe.
 32172 | Snake:3  | Found Foydeog's Book Emporium.
 33094 | Snake:3  | Noticed Agnes
 33105 | Snake:3  | Killed Agnes
 33297 | Snake:4  | Entered Level 4 of the Snake Pit
 33512 | Snake:3  | Identified the +6 war axe of Namnoman {holy, rPois rC+}
                  | (Okawaru gifted it to you on level 3 of the Snake Pit)
 33512 | Snake:3  | Received a gift from Okawaru
 33970 | Snake:4  | Identified Roxanne's Grimoire of the Geologist
 33970 | Snake:4  | Noticed Roxanne
 34273 | Snake:4  | Identified the +1 ring mail of Othriomp {rC+ rN+ MP+9
                  | Dex+4}
 34298 | Snake:4  | Received a gift from Okawaru
 34299 | Snake:4  | Reached skill level 15 in Shields
 34299 | Snake:4  | Noticed Nikola
 34439 | Snake:4  | Killed Nikola
 34552 | Snake:4  | Reached XP level 17. HP: 156/185 MP: 24/24
 34587 | Snake:4  | Received a gift from Okawaru
 35181 | Snake:4  | Got a serpentine rune of Zot
 35491 | Vaults:1 | Entered Level 1 of the Vaults
 36004 | Swamp:1  | Entered Level 1 of the Swamp
 36171 | Swamp:1  | Identified the +6 quarterstaff of Letaibiv {flame, Fly rN++
                  | Str-2} (Okawaru gifted it to you on level 1 of the Swamp)
 36171 | Swamp:1  | Received a gift from Okawaru
 37096 | Swamp:2  | Noticed Louise
 37096 | Abyss:2  | Cast into level 2 of the Abyss (Louise)
 37232 | Swamp:2  | Escaped the Abyss
 37243 | Swamp:2  | Killed Louise
 37293 | Swamp:2  | Noticed Frances
 37310 | Swamp:2  | Killed Frances
 37310 | Swamp:2  | Received a gift from Okawaru
 37381 | Swamp:2  | Identified the ring "Inikk" {rF++ rC- Will+ Dex+2}
 37748 | Swamp:2  | Found a transporter.
 37750 | Swamp:2  | Noticed a tentacled monstrosity
 37751 | Swamp:2  | Found a one-way gate to the infinite horrors of the Abyss.
 37751 | Swamp:2  | Noticed Suexuef's ghost (adept GrBe)
 37773 | Swamp:2  | Found a transporter.
 38448 | Swamp:3  | Received a gift from Okawaru
 38695 | Swamp:3  | Reached skill level 15 in Armour
 39529 | Swamp:4  | Entered Level 4 of the Swamp
 39557 | Swamp:4  | Received a gift from Okawaru
 39761 | Swamp:4  | Reached XP level 18. HP: 160/194 MP: 25/25
 40503 | Swamp:4  | Received a gift from Okawaru
 40756 | Swamp:4  | Got a decaying rune of Zot
 42015 | D:14     | Identified the +2 hat of the Tanner {rN+ Will+} (Okawaru
                  | gifted it to you on level 14 of the Dungeon)
 42015 | D:14     | Received a gift from Okawaru
 42715 | Vaults:1 | Found Oriumot's Jewellery Shop.
 43847 | Vaults:1 | Identified the +0 kite shield of Spite {rPois rC+ rN+++
                  | Str-3}
 43847 | Vaults:1 | Noticed Asterion
 43865 | Vaults:1 | Killed Asterion
 44386 | Vaults:2 | Reached skill level 1 in Maces & Flails
 44480 | Vaults:2 | Found a runed translucent gate.
 44480 | Vaults:2 | Found a runed translucent gate.
 44532 | Vaults:2 | Found a runed translucent gate.
 44532 | Vaults:2 | Noticed Sianeop's ghost (adept GrFi)
 44661 | Vaults:2 | Found Regamo's General Store.
 44670 | Vaults:2 | Identified the +11 short sword "Ozeshua Soing" {freeze,
                  | *Noise rElec rCorr} (Okawaru gifted it to you on level 2 of
                  | the Vaults)
 44670 | Vaults:2 | Received a gift from Okawaru
 44980 | Vaults:2 | Reached XP level 19. HP: 198/202 MP: 26/26
 45008 | Vaults:2 | Found a staircase to the Crypt.
 45361 | Vaults:2 | Received a gift from Okawaru
 46459 | Vaults:2 | Killed Sianeop's ghost
 46533 | Vaults:3 | Received a gift from Okawaru
 47631 | Vaults:3 | Reached skill level 26 in Fighting
 48357 | Vaults:3 | Identified the +2 scale mail of the Sparrow {rC++} (Okawaru
                  | gifted it to you on level 3 of the Vaults)
 48357 | Vaults:3 | Received a gift from Okawaru
 48375 | Arena    | Entered the Arena
 48401 | Vaults:3 | Identified the ring "Fial Zomp" {*Slow rC+ Str+3 SInv}
 48886 | Vaults:3 | Reached XP level 20. HP: 204/214 MP: 0/27
 49369 | Vaults:3 | Paralysed by a sphinx for 5 turns
 49378 | Vaults:3 | Identified the +1 scale mail "Ixtarphoh" {*Slow rF+ Int+6}
 50431 | Snake:1  | Bought a manual of Evocations for 960 gold pieces
 50431 | Snake:1  | Bought a manual of Invocations for 960 gold pieces
 50841 | Vaults:4 | Reached skill level 1 in Evocations
 51601 | Vaults:4 | Identified the +5 robe of Xaamy {-Cast Str+6} (Okawaru
                  | gifted it to you on level 4 of the Vaults)
 51601 | Vaults:4 | Received a gift from Okawaru
 51708 | Vaults:4 | Found Umawizau's Assorted Antiques.
 51897 | Vaults:4 | Reached skill level 5 in Evocations
 52927 | Elf:1    | Entered Level 1 of the Elven Halls
 53224 | Elf:1    | Paralysed by an air elemental for 1 turns
 53225 | Elf:1    | Found Yjiuppos's General Store.
 53228 | Elf:1    | Paralysed by an air elemental for 1 turns
 53620 | Elf:1    | Found a portal to a secret trove of treasure.
 53723 | Elf:1    | Paralysed by an air elemental for 1 turns
 54672 | Elf:2    | Found a runed translucent gate.
 54673 | Elf:2    | Found a runed translucent gate.
 54685 | Elf:2    | Found a runed translucent gate.
 54907 | Elf:2    | Reached skill level 15 in Invocations
 55018 | Elf:2    | Reached skill level 10 in Evocations
 55055 | Elf:2    | Received a gift from Okawaru
 55058 | Elf:2    | Reached XP level 21. HP: 222/222 MP: 23/31
 55355 | Elf:2    | Found Taowuimp's Assorted Antiques.
 55361 | Elf:2    | Bought a pair of runed boots for 240 gold pieces
 55542 | Elf:3    | Entered Level 3 of the Elven Halls
 56035 | Elf:2    | Identified the +7 falchion "Dijuemn" {vamp, rElec Int+4}
                  | (Okawaru gifted it to you on level 2 of the Elven Halls)
 56035 | Elf:2    | Received a gift from Okawaru
 56288 | Elf:3    | Identified the ring of Entrepreneurial Spirit {Fire Int+6}
 56503 | Elf:3    | Identified the +5 short sword of Sin {protect, rElec rC+
                  | Int+3}
 56504 | Elf:3    | Identified the +6 leather armour of Temi Poe {Rampage rF+}
 56835 | Elf:3    | Identified the +5 trident of Calculation {drain, *Slow rF++
                  | rCorr Str+3}
 57260 | Elf:3    | Paralysed by an air elemental for 1 turns
 57440 | Elf:3    | Received a gift from Okawaru
 57639 | Elf:3    | Identified the ring of Allucsos {Ice rPois rCorr Dex-2
                  | Slay+2}
 58464 | Depths:1 | Entered Level 1 of the Depths
 58861 | Depths:1 | Found a blossoming altar of Fedhas.
 59309 | Depths:1 | Found a gateway to Hell.
 59754 | Depths:1 | Noticed Sojobo
 59764 | Depths:1 | Paralysed by an air elemental for 1 turns
 59801 | Depths:1 | Killed Sojobo
 59984 | Depths:1 | Found Plog's Specific Store.
 59986 | Depths:1 | Found Piteix's General Store.
 59994 | Depths:1 | Bought a potion of heal wounds for 85 gold pieces
 59994 | Depths:1 | Bought a scroll of teleportation for 51 gold pieces
 60487 | Depths:2 | Received a gift from Okawaru
 61309 | Depths:2 | Found a one-way gate leading to the halls of Pandemonium.
 61485 | Depths:2 | Reached XP level 22. HP: 225/231 MP: 33/33
 61491 | Depths:2 | Found a one-way gateway to a ziggurat.
 61509 | Depths:2 | Identified a scroll of acquirement
 61521 | Depths:2 | Acquired a manual of Armour
 61553 | Depths:2 | Found a runed translucent door.
 61555 | Depths:2 | Noticed Ohoniczu's ghost (veteran GnWn)
 61595 | Depths:2 | Killed Ohoniczu's ghost
 61785 | Depths:2 | Noticed a golden dragon
 61788 | Depths:2 | Found a runed translucent gate.
 61788 | Depths:2 | Found a runed translucent gate.
 61788 | Depths:2 | Found a runed translucent gate.
 61788 | Depths:2 | Found a runed translucent gate.
 61789 | Depths:2 | Found a runed translucent gate.
 61789 | Depths:2 | Found a runed translucent gate.
 61833 | Depths:2 | Identified the +2 hat of Boaw {rF+ Int+2 Slay+2} (Okawaru
                  | gifted it to you on level 2 of the Depths)
 61833 | Depths:2 | Received a gift from Okawaru
 62238 | Depths:2 | Killed a golden dragon
 62250 | Depths:2 | Identified the +5 dire flail "Opo Astu" {vorpal, Str+5
                  | Dex+2}
 62351 | Depths:2 | Identified the +9 dagger "Mytav" {flame, Fragile Fly Dex+2}
 63345 | Depths:3 | Found the +18 Lear's hauberk
 63464 | Depths:3 | Found Hohoadin's CLEARANCE SALE!.
 63471 | Depths:3 | Noticed Saint Roka
 63489 | Depths:3 | Killed Saint Roka
 64023 | Depths:3 | Bought a potion of might for 12 gold pieces
 64121 | Depths:3 | Found Fempixabi's Antique Weapon Shop.
 64356 | Depths:3 | Found Yxkolosch's General Store.
 64358 | Depths:3 | Found Cudet's Armour Shop.
 64364 | Depths:3 | Bought a scroll of teleportation for 42 gold pieces
 64364 | Depths:3 | Bought 2 potions of resistance for 280 gold pieces
 64671 | Elf:1    | You paid a toll of 5 potions of resistance to enter a
                  | treasure trove
 64672 | Trove    | Entered a treasure trove
 64684 | Trove    | Identified the +4 dagger "Geadereg" {flame, rC+ rN+}
 64690 | Trove    | Identified the +2 dagger of the Sun {drain, rCorr Dex+2
                  | Stlth+}
 64698 | Trove    | Identified the +6 trident "Moarghig" {vorpal, *Noise Will++
                  | Str+3 Dex+4}
 65137 | Depths:3 | Found a corrupted altar of Lugonu.
 65369 | Depths:4 | Entered Level 4 of the Depths
 65473 | Depths:1 | Bought a scroll of enchant weapon for 127 gold pieces
 65571 | Depths:3 | Received a gift from Okawaru
 65858 | Depths:4 | Found a gate to the Realm of Zot.
 65867 | Depths:4 | Received a gift from Okawaru
 67048 | Vaults:5 | Entered Level 5 of the Vaults
 67064 | Vaults:4 | Reached skill level 1 in Dodging
 67064 | Vaults:4 | Reached skill level 1 in Stealth
 67082 | Vaults:4 | Received a gift from Okawaru
 67660 | Vaults:5 | Noticed a golden dragon
 67673 | Vaults:5 | Killed a golden dragon
 67674 | Vaults:5 | Reached XP level 23. HP: 189/237 MP: 29/34
 67690 | Vaults:5 | Reached skill level 5 in Dodging
 67865 | Vaults:5 | Identified the +2 robe "Pooness" {rN+ Int+2}
 68041 | Vaults:5 | Received a gift from Okawaru
 68073 | Vaults:5 | Reached skill level 5 in Stealth
 68640 | Vaults:5 | Identified the ring "Iceostril" {rC+ Will+ rCorr Dex+2
                  | SInv}
 68731 | Vaults:5 | Identified the +1 acid dragon scales "Nyobuydi" {Harm rPois
                  | rF+ rCorr}
 68765 | Vaults:5 | Identified the +9 hand axe of Impatience {vamp, rF+ rN+
                  | Str+4 Stlth+}
 68896 | Vaults:5 | Identified the +3 pair of boots "Opsiegil" {rC+ Will+}
                  | (Okawaru gifted it to you on level 5 of the Vaults)
 68896 | Vaults:5 | Received a gift from Okawaru
 68948 | Vaults:5 | Identified the amulet "Lelaror" {*Corrode +Inv Fly rPois
                  | Regen+}
 69185 | Vaults:5 | Found Veuqu's Antique Armour Shoppe.
 69234 | Vaults:5 | Identified the +9 short sword of Lannyr {antimagic, rElec
                  | rF+ SInv}
 69432 | Vaults:5 | Noticed an ancient lich
 69435 | Vaults:5 | Identified the amulet of Eternal Harmony {Acrobat Dex+7}
 69445 | Vaults:5 | Killed an ancient lich
 69604 | Vaults:5 | Identified the ring of Oheng {Wiz Str+4}
 69607 | Vaults:5 | Identified the ring "Kiekky Xibe" {Fire Slay+3}
 69770 | Vaults:5 | Reached skill level 1 in Throwing
 69894 | Vaults:5 | Found the +10 dark maul {vorpal}
 70079 | Vaults:5 | Got Ocei's Dissertation on Baneful Evil
 70129 | Vaults:5 | Received a gift from Okawaru
 70184 | Vaults:5 | Got a silver rune of Zot
 70241 | Vaults:5 | Reached skill level 5 in Throwing
 70351 | Vaults:5 | Received a gift from Okawaru
 71026 | Zot:1    | Entered Level 1 of the Realm of Zot
 71026 | Zot:1    | Noticed an orb of fire
 71028 | Zot:1    | Gained mutation: You are frail. (-10% HP) [an orb of fire]
 71038 | Zot:1    | Killed an orb of fire
 71039 | Zot:1    | Reached skill level 10 in Dodging
 71139 | Zot:1    | You fall into a shaft and drop 1 floor!
 71382 | Zot:1    | Reached XP level 24. HP: 210/222 MP: 34/34
 71786 | Zot:1    | Received a gift from Okawaru
 72805 | Zot:2    | Received a gift from Okawaru
 72920 | Zot:2    | Noticed an orb of fire
 72941 | Zot:2    | Killed an orb of fire
 72942 | Zot:2    | Reached skill level 15 in Dodging
 73463 | Zot:2    | Identified the +4 ring mail of Dim Light {Harm rN+}
 73576 | Zot:2    | Noticed a Killer Klown
 73592 | Zot:2    | Killed a Killer Klown
 73639 | Zot:2    | Received a gift from Okawaru
 74567 | Zot:4    | Found a transporter.
 74579 | Zot:4    | Received a gift from Okawaru
 75269 | Zot:4    | Found a transporter.
 75269 | Zot:4    | Noticed a Killer Klown
 75540 | Zot:5    | Entered Level 5 of the Realm of Zot
 75876 | Zot:4    | Reached XP level 25. HP: 150/229 MP: 34/34
 76266 | Zot:5    | Noticed an orb of fire
 76279 | Zot:5    | Killed an orb of fire
 76304 | Zot:5    | Noticed an orb of fire
 76327 | Zot:5    | Noticed an orb of fire
 76329 | Zot:5    | Gained mutation: You do not regenerate when monsters are
                  | visible. [an orb of fire]
 76331 | Zot:5    | Killed an orb of fire
 76356 | Zot:4    | Gained mutation: You are clumsy. (Dex -2) [an orb of fire]
 76361 | Zot:4    | Killed an orb of fire
 76550 | Zot:5    | Noticed an ancient lich
 76568 | Zot:5    | Killed an ancient lich
 76568 | Zot:5    | Received a gift from Okawaru
 76643 | Zot:5    | Noticed an orb of fire
 76644 | Zot:5    | Gained mutation: Your spells are a little easier to cast,
                  | but a little less powerful. [an orb of fire]
 76660 | Zot:5    | Gained mutation: Your flesh is heat resistant. (rF+) [an
                  | orb of fire]
 76661 | Zot:5    | Killed an orb of fire
 76741 | Zot:5    | Noticed a Killer Klown
 76868 | Zot:5    | Killed a Killer Klown
 77008 | Zot:5    | Noticed a Killer Klown
 77030 | Zot:5    | Killed a Killer Klown
 77076 | Zot:5    | Noticed an orb of fire
 77083 | Zot:5    | Gained mutation: You occasionally lose the ability to read
                  | scrolls when taking damage. [an orb of fire]
 77142 | Zot:5    | Received a gift from Okawaru
 77212 | Zot:5    | Noticed an orb of fire
 77240 | Zot:5    | Killed an orb of fire
 77299 | Zot:5    | Killed an orb of fire
 77316 | Zot:5    | Noticed an ancient lich
 77327 | Zot:5    | Killed an ancient lich
 77337 | Zot:5    | Noticed a Killer Klown
 77345 | Zot:5    | Killed a Killer Klown
 77351 | Zot:5    | Received a gift from Okawaru
 77698 | Zot:5    | Noticed a dread lich
 77711 | Zot:5    | Killed a dread lich
 77726 | Zot:5    | Identified the ring "Haaczuon" {rF+ rC+ Int+7}
 77749 | Zot:5    | Noticed a dread lich
 77756 | Zot:5    | Killed a dread lich
 78990 | Zot:5    | Got the Orb of Zot
 79393 | D:10     | Noticed a seraph
 79399 | D:10     | Noticed a seraph
 79405 | D:10     | Identified the +5 tower shield "Areimoga" {Harm rPois Dex+5
                  | Slay-5}
 79511 | D:7      | Noticed Essezucs the pandemonium lord
 79722 | D:$      | Escaped with the Orb!

Illustrated notes

Levels and vault maps discovered:
D:1:      scummos_arrival_star, layout_basic, shapermc_ecumenical_altar_venn
D:2:      layout_loops_ring, basic_altar, dreamdust_wishing_well
D:3:      layout_basic, nicolae_dithmenos_shadow_blocks,
          okawaru_metal_pillars_3, gup_sewer_entry_glass, kennysheep_path_1,
          uniq_grinder
D:4:      layout_cave_pools, uniq_blork_the_orc
D:5:      nicolae_BIG_FREAKIN_CUBE, layout_rooms, trog_ov_bears_minmay,
          mainiacjoe_overflow_alcove_1, uniq_pikel, uniq_edmund
D:6:      layout_basic, kennysheep_little_box, lemuel_crystal_altar
D:7:      layout_cave_pools, mainiacjoe_overflow_surrounded_room
D:8:      layout_rooms, elyvilon_altar_4, kennysheep_diamond, minivault_1,
          uniq_erica
D:9:      layout_basic, lemuel_crystal_altar, bloody_makhleb,
          mainiacjoe_overflow_chevrons, beargit_hepliaklqana_dungeon_heroes,
          minmay_orc_entry_temple_small, serial_nicolae_subway,
          nicolae_sub_station_metal, nicolae_sub_station_crystal,
          nicolae_sub_station_stone, uniq_grum
D:10:     layout_stronghold, xom_confusion_cloud
D:11:     layout_roguey, grunt_lair_entry_orc_guard_hut, gauntlet_entry_generic,
          serial_shops, nicolae_square_shop, dreamdust_mushroom_princess,
          nicolae_inconvenience_store, kennysheep_generic_room_16
D:12:     layout_loops_ring, serial_park_tiny_2, uniq_maurice, uniq_josephine
D:13:     layout_layer_cave, serial_shops, nicolae_stop_n_shop_1, shop,
          nicolae_shop_behind_doors, portal_ice_cave_entry_pillars_2,
          uniq_rupert
D:14:     layout_irregular_city, david_vaults_4, uniq_snorg
D:15:     hangedman_depths_entry_try_elsewhere_first, layout_irregular_city
Temple:   hellmonk_temple_beads
Lair:1:   layout_cave_pods, st_stairs_3, grunt_megastairs_3
Lair:2:   layout_long_grid, minmay_snake_entry_guardpost_large,
          grunt_megastairs_5, lemuel_fruit_fields
Lair:3:   gammafunk_mikee_crab_dinner, layout_loops_ring,
          minmay_swamp_entry_worms
Lair:4:   layout_cave_pods, slime_entry_1
Lair:5:   minmay_lair_end_enchanted_forest, layout_hall_layers,
          grunt_megastairs_2
Swamp:1:  layout_basic_swamp, serial_swamp_ruin, evilmike_swamp_ruin_house_6,
          evilmike_swamp_ruin_house_3, evilmike_swamp_ruin_house_4,
          infiniplex_staircase_pool_2
Swamp:2:  layout_basic_swamp, gammafunk_ghost_abyssal_escape,
          hangedman_swamp_ruin_hall, swamp_pool2,
          nicolae_swamp_hydra_murder_den, uniq_frances, uniq_louise
Swamp:3:  layout_basic_swamp, evilmike_swamp_ruin_house_1
Swamp:4:  swamp_alternative, layout_basic_swamp
Snake:1:  layout_misc_corridors, drop_trap, nicolae_snake_gridmaze_entwining,
          grunt_ministairs_12, nicolae_shop_vocational
Snake:2:  layout_misc_corridors, minmay_shoptagon
Snake:3:  layout_misc_corridors, nicolae_wooded_promenade,
          nicolae_take_the_stairs, uniq_agnes, uniq_aizul
Snake:4:  minmay_snake_end_coiled, layout_basic, uniq_roxanne, uniq_nikola
Orc:1:    layout_caves, serial_shops, nicolae_shop_behind_doors,
          nicolae_shop_crystal, nicolae_shop_behind_doors,
          nicolae_shop_bloodbath_and_beyond, uniq_jorgrun
Orc:2:    grunt_orc_tribal_feast, layout_caves, serial_shops,
          nicolae_shop_waterfront, roderic_batcave, nicolae_shop_firing_range
Elf:1:    nicolae_elf_arrival_fired_up, layout_loops_ring, serial_shops,
          nicolae_lakefront_shop, nicolae_trove_entry_path_of_doom,
          minmay_elf_demonology
Elf:2:    nicolae_elf_blades_splatter_lattice [grunt_blade_entry_basic],
          layout_rooms, serial_shops, shop
Elf:3:    grunt_elf_hall_branching, layout_geoelf_grid,
          nicolae_elf_big_sculpture_2, hangedman_elf_represent
Vaults:1: hangedman_vaults_nails, v_pattern_1, v_misc_12, v_misc_13, v_rooms_5,
          hangedman_vaults_maws, nicolae_vaults_rhombus_6, grunt_vaults_focal,
          v_misc_31, layout_vaults_big_room, serial_shops,
          nicolae_shop_statue_plus, uniq_asterion
Vaults:2: ebering_ghost_rock_garden, vaults_dpeg_emergency_exit,
          ontoclasm_vaults_loading_screen, ontoclasm_vaults_bender, v_misc_2,
          v_misc_24, minmay_crypt_entry_simple_corners, hangedman_vaults_locks,
          special_room_vaults [special_room_orc], hangedman_vaults_stagger,
          vaults_mumra_minichess_inversion, grunt_vaults_diagonal, v_misc_23,
          layout_vaults_ring, serial_shops, shop
Vaults:3: st_greater_box_1, vaults_dpeg_cross, grunt_vaults_hallway_short,
          ontoclasm_vaults_twist, nicolae_vaults_little_squares_5,
          nicolae_vaults_network_square, nicolae_vaults_shelves_hall,
          v_alt_pattern_1, v_misc_17, v_misc_13,
          nicolae_vaults_mini_display_case, v_misc_19, layout_vaults_omnibox
Vaults:4: vaults_room_pool, v_misc_1, vaults_standard_mumra_enter_the_diamond,
          hangedman_vaults_slice, vaults_room_door_ring,
          vaults_room_guarded_vault, vaults_room_fours, layout_vaults_omnigrid,
          serial_shops, shop
Vaults:5
Depths:1: layout_honeycomb, fedhas_altar_fruit_tree, grunt_hell_horde,
          nicolae_specific_store, nrook_loot_triangle,
          hangedman_devilish_allure, uniq_sojobo
Depths:2: kennysheep_treasure_stockpile, layout_honeycomb, enter_ziggurat_a,
          rand_demon_pan_entry_7, ebering_ghost_reflecting_pool,
          hangedman_abyss_or_decor_passed, abyss_entry, grunt_hell_entry_dis_mu,
          infiniplex_staircase_zigzag_1
Depths:3: dreamdust_merry_men, layout_cave_pools, pf_hell_entry_tar_spiral,
          hangedman_decor_growths, abyss_entry_flame_altar,
          nicolae_shop_clearance, minmay_shop_star, uniq_saint_roka
Depths:4: evilmike_zot_entry_diamond, layout_cave_pools, minmay_fountain_box,
          hell_entry, uniq_josephina
Zot:1:    layout_concentric_octagons, zot_minivault_3
Zot:2:    layout_basic
Zot:3:    layout_misc_corridors
Zot:4:    gammafunk_sealed_arena, layout_onion_interference
Zot:5:    layout_misc_corridors

Skill      XL: |  1  2  3  4  5  6  7  8  9 10 11 12 13 14 15 16 17 18 19 20 21 22 23 24 25 |
---------------+----------------------------------------------------------------------------+-----
Armour         | 4 10 15 18 20 22 25 | 25.7
Shields        | 4 6 11 15 17 18 19 20 22 | 22.5
Fighting       | 4 5 6 8 10 11 15 16 20 23 25 26 | 26.4
Axes           | 3 4 5 6 7 9 13 16 18 | 18.0
Invocations    | 1 10 15 17 | 17.4
Maces & Flails | 4 |  4.1
Evocations     | 10 12 13 | 13.9
Dodging        | 4 11 19 22 | 22.7
Stealth        | 3 8 |  8.2
Throwing       | 6 |  6.1

Action                   |  1- 3 |  4- 6 |  7- 9 | 10-12 | 13-15 | 16-18 | 19-21 | 22-24 | 25-27 || total
-------------------------+-------+-------+-------+-------+-------+-------+-------+-------+-------++-------
Melee: War axe           |    60 |    67 |   307 |   575 |   877 |   875 |  1330 |  1493 |   387 ||  5971
       Headbutt          |     9 |     7 |    46 |   140 |   206 |   320 |   436 |   530 |   132 ||  1826
       Mace              |       |       |       |    32 |       |     7 |       |       |       ||    39
       Morningstar       |       |       |       |       |       |    96 |       |       |       ||    96
       Broad axe         |       |       |       |       |       |    97 |       |    41 |       ||   138
       Unarmed           |       |       |       |       |       |       |       |       |     1 ||     1
Invok: Heroism           |       |       |       |     6 |     7 |    15 |    14 |    15 |     9 ||    66
       Finesse           |       |       |       |     3 |     7 |    14 |    13 |    15 |    10 ||    62
       Duel              |       |       |       |       |       |       |     1 |       |       ||     1
  Use: Scroll            |       |     7 |     5 |     8 |    11 |     6 |     4 |    12 |     1 ||    54
       Potion            |       |     2 |     5 |       |       |     2 |    10 |     3 |    17 ||    39
 Stab: Petrified         |       |       |       |     2 |       |       |       |       |       ||     2
       Distracted        |       |       |       |       |     7 |    11 |    27 |    51 |    13 ||   109
Armor: Scale mail        |    35 |    27 |    74 |       |       |       |       |       |       ||   136
       Plate armour      |       |       |   118 |   319 |   400 |       |       |       |       ||   837
       Crystal plate arm |       |       |       |       |    16 |   717 |   443 |   540 |    85 ||  1801
Dodge: Dodged            |    47 |    41 |   118 |   164 |   161 |   171 |   158 |   286 |    95 ||  1241
Block: Buckler           |    19 |    17 |    66 |    26 |       |       |       |       |       ||   128
       Kite shield       |       |       |       |   223 |   374 |    51 |       |       |       ||   648
       Tower shield      |       |       |       |       |       |  1017 |  1008 |  1314 |   358 ||  3697
